TOP OF THE 1ST |
Philadelphia Phillies batting - Pitching for Colorado Rockies : LHP Marquise Barretti
|
Pitching: LHP Marquise Barretti
|
|
Batting: RHB Ji-an Li
|
0-0: Called Strike 0-1: Called Strike 0-2: Ground out 1-3 (Groundball, P, EV 74.4 MPH)
|
Batting: SHB Patrick Kimmel
|
0-0: Swinging Strike 0-1: Called Strike 0-2: Strikes out swinging
|
Batting: LHB Eric Katz
|
0-0: Called Strike 0-1: SINGLE (Line Drive, 6MD, EV 95.0 MPH)
|
Batting: LHB Alberto Figueroa
|
0-0: Ball 1-0: Ball 2-0: Foul Ball, location: 2F 2-1: Fielders Choice at 2nd, 6-4 (Groundball, 6, EV 78.1 MPH)
|
Top of the 1st over - 0 runs, 1 hit, 0 errors, 1 left on base; Philadelphia 0 - Colorado 0 |
BOTTOM OF THE 1ST |
Colorado Rockies batting - Pitching for Philadelphia Phillies : LHP Lennart Hjelm
|
Pitching: LHP Lennart Hjelm
|
|
Batting: RHB Joel Haycock
|
0-0: Ball 1-0: Called Strike 1-1: Called Strike 1-2: Ball 2-2: Strikes out swinging
|
Batting: RHB Stephen Charbonneau
|
0-0: Ball 1-0: Called Strike 1-1: Called Strike 1-2: Ball 2-2: Foul Ball, location: 2F 2-2: Ball 3-2: Strikes out swinging
|
Batting: SHB Chris Blue
|
0-0: Called Strike 0-1: Ball 1-1: Ball 2-1: Swinging Strike 2-2: Foul Ball, location: 2F 2-2: Strikes out swinging
|
Bottom of the 1st over - 0 runs, 0 hits, 0 errors, 0 left on base; Philadelphia 0 - Colorado 0 |
TOP OF THE 2ND |
Philadelphia Phillies batting - Pitching for Colorado Rockies : LHP Marquise Barretti
|
Batting: RHB Raul de la Cruz
|
0-0: Foul Ball, location: 2F 0-1: Swinging Strike 0-2: Strikes out swinging
|
Batting: LHB Ryan Trombley
|
0-0: Ball 1-0: Ball 2-0: Swinging Strike 2-1: Called Strike 2-2: Strikes out looking
|
Batting: LHB Nick Canizales
|
0-0: Ball 1-0: Ball 2-0: Ball 3-0: Called Strike 3-1: Swinging Strike 3-2: Strikes out swinging
|
Top of the 2nd over - 0 runs, 0 hits, 0 errors, 0 left on base; Philadelphia 0 - Colorado 0 |
BOTTOM OF THE 2ND |
Colorado Rockies batting - Pitching for Philadelphia Phillies : LHP Lennart Hjelm
|
Batting: RHB Jason Andrews
|
0-0: Fly out, F9 (Line Drive, 9D, EV 90.0 MPH)
|
Batting: RHB Chad Thompson
|
0-0: Called Strike 0-1: Ground out 4-3 (Groundball, 4, EV 80.6 MPH)
|
Batting: RHB Leo Mair
|
0-0: Swinging Strike 0-1: Ball 1-1: Foul Ball, location: 2F 1-2: Ball 2-2: Ball 3-2: SINGLE (Flyball, 4D, EV 93.8 MPH)
|
Batting: RHB Rico Coss
|
0-0: Ball 1-0: Called Strike 1-1: SINGLE (Groundball, 6MS, EV 70.0 MPH) (infield hit) Leo Mair to second
|
Batting: LHB Fabiano Perrolas
|
0-0: Ball 1-0: Ball 2-0: Called Strike 2-1: Foul Ball, location: 2F 2-2: Strikes out swinging
|
Bottom of the 2nd over - 0 runs, 2 hits, 0 errors, 2 left on base; Philadelphia 0 - Colorado 0 |
TOP OF THE 3RD |
Philadelphia Phillies batting - Pitching for Colorado Rockies : LHP Marquise Barretti
|
Batting: SHB Rafael Vazquez
|
0-0: Ball 1-0: Fly out, F9 (Line Drive, 9, EV 90.0 MPH)
|
Batting: RHB Mitch Boyd
|
0-0: Ball 1-0: Called Strike 1-1: Foul Ball, location: 2F 1-2: Ball 2-2: Fly out, F4 (Flyball, 4D, EV 91.2 MPH)
|
Batting: RHB Ji-an Li
|
0-0: Called Strike 0-1: SINGLE (Groundball, 34D, EV 100.6 MPH)
|
Batting: SHB Patrick Kimmel
|
0-0: Ball 1-0: Ball 2-0: Called Strike 2-1: Ball 3-1: Fly out, F5 (Flyball, 5D, EV 80.0 MPH)
|
Top of the 3rd over - 0 runs, 1 hit, 0 errors, 1 left on base; Philadelphia 0 - Colorado 0 |
BOTTOM OF THE 3RD |
Colorado Rockies batting - Pitching for Philadelphia Phillies : LHP Lennart Hjelm
|
Batting: LHB Robert Watson
|
0-0: Ground out 4-3 (Groundball, 4, EV 106.9 MPH)
|
Batting: RHB Joel Haycock
|
0-0: Ball 1-0: Ball 2-0: Ball 3-0: Called Strike 3-1: Base on Balls
|
Batting: RHB Stephen Charbonneau
|
0-0: Ball 1-0: Ball 2-0: Foul Ball, location: 2F 2-1: Grounds into double play, 5-4-3 (Groundball, 5L, EV 88.1 MPH)
|
Bottom of the 3rd over - 0 runs, 0 hits, 0 errors, 0 left on base; Philadelphia 0 - Colorado 0 |
TOP OF THE 4TH |
Philadelphia Phillies batting - Pitching for Colorado Rockies : LHP Marquise Barretti
|
Batting: LHB Eric Katz
|
0-0: Swinging Strike 0-1: Ball 1-1: Swinging Strike 1-2: SINGLE (Groundball, 56D, EV 104.4 MPH)
|
Batting: LHB Alberto Figueroa
|
0-0: Ball 1-0: Called Strike 1-1: Foul Ball, location: 2F 1-2: Strikes out swinging
|
Batting: RHB Raul de la Cruz
|
0-0: Called Strike 0-1: Ball 1-1: Ball 2-1: Called Strike 2-2: Strikes out swinging
|
Batting: LHB Ryan Trombley
|
0-0: Called Strike 0-1: Ball 1-1: Ball 2-1: Called Strike 2-2: Strikes out swinging
|
Top of the 4th over - 0 runs, 1 hit, 0 errors, 1 left on base; Philadelphia 0 - Colorado 0 |
BOTTOM OF THE 4TH |
Colorado Rockies batting - Pitching for Philadelphia Phillies : LHP Lennart Hjelm
|
Batting: SHB Chris Blue
|
0-0: Ground out 5-3 (Groundball, 56S, EV 73.8 MPH)
|
Batting: RHB Jason Andrews
|
0-0: Ball 1-0: Ground out 3-1 (Groundball, 3D, EV 83.1 MPH)
|
Batting: RHB Chad Thompson
|
0-0: SINGLE (Line Drive, 89M, EV 93.8 MPH)
|
Batting: RHB Leo Mair
|
0-0: Ground out U3 (Groundball, 3S, EV 87.5 MPH)
|
Bottom of the 4th over - 0 runs, 1 hit, 0 errors, 1 left on base; Philadelphia 0 - Colorado 0 |
TOP OF THE 5TH |
Philadelphia Phillies batting - Pitching for Colorado Rockies : LHP Marquise Barretti
|
Batting: LHB Nick Canizales
|
0-0: Called Strike 0-1: Ground out 4-3 (Groundball, 34D, EV 82.5 MPH)
|
Batting: SHB Rafael Vazquez
|
0-0: Ball 1-0: Ball 2-0: Ball 3-0: Base on Balls
|
Batting: RHB Mitch Boyd
|
0-0: Ball 1-0: Swinging Strike 1-1: Ball Wild Pitch! Rafael Vazquez to second 2-1: Ball 3-1: Base on Balls
|
Batting: RHB Ji-an Li
|
0-0: Swinging Strike 0-1: Swinging Strike 0-2: Ball 1-2: Ball 2-2: Ball 3-2: Fly out, F9 (Line Drive, 9, EV 94.4 MPH)
|
Batting: SHB Patrick Kimmel
|
0-0: Ball 1-0: Ball 2-0: Ground out 5-3 (Groundball, 5S, EV 73.8 MPH)
|
Top of the 5th over - 0 runs, 0 hits, 0 errors, 2 left on base; Philadelphia 0 - Colorado 0 |
BOTTOM OF THE 5TH |
Colorado Rockies batting - Pitching for Philadelphia Phillies : LHP Lennart Hjelm
|
Batting: RHB Rico Coss
|
0-0: Foul Ball, location: 2F 0-1: Called Strike 0-2: Strikes out swinging
|
Batting: LHB Fabiano Perrolas
|
0-0: Ball 1-0: Ball 2-0: Called Strike 2-1: SINGLE (Groundball, 4MD, EV 105.6 MPH)
|
Batting: LHB Robert Watson
|
0-0: Ball 1-0: Ball 2-0: SINGLE (Groundball, 56S, EV 70.6 MPH) (infield hit) Fabiano Perrolas to second
|
Batting: RHB Joel Haycock
|
0-0: Ball 1-0: Called Strike 1-1: Swinging Strike 1-2: Strikes out swinging
|
Batting: RHB Stephen Charbonneau
|
0-0: Swinging Strike 0-1: Ball 1-1: Ball 2-1: SINGLE (Groundball, 4S, EV 75.0 MPH) (infield hit) Fabiano Perrolas to third Robert Watson to second
|
Batting: SHB Chris Blue
|
0-0: Fly out, F4 (Popup, 4D, EV 73.1 MPH)
|
Bottom of the 5th over - 0 runs, 3 hits, 0 errors, 3 left on base; Philadelphia 0 - Colorado 0 |
TOP OF THE 6TH |
Philadelphia Phillies batting - Pitching for Colorado Rockies : LHP Marquise Barretti
|
Pitching: RHP Jaden Mackey
|
|
Batting: LHB Eric Katz
|
0-0: Ground out 6-3 (Groundball, 6D, EV 96.2 MPH)
|
Batting: LHB Alberto Figueroa
|
0-0: Called Strike 0-1: Foul Ball, location: 2F 0-2: Ball 1-2: Strikes out swinging
|
Batting: RHB Raul de la Cruz
|
0-0: Foul Ball, location: 2F 0-1: Ball 1-1: Foul Ball, location: 2F 1-2: Strikes out swinging
|
Top of the 6th over - 0 runs, 0 hits, 0 errors, 0 left on base; Philadelphia 0 - Colorado 0 |
BOTTOM OF THE 6TH |
Colorado Rockies batting - Pitching for Philadelphia Phillies : LHP Lennart Hjelm
|
Batting: RHB Jason Andrews
|
0-0: Called Strike 0-1: Ball 1-1: Ball 2-1: Ball 3-1: SINGLE (Groundball, 5S, EV 71.2 MPH) (infield hit)
|
Batting: RHB Chad Thompson
|
0-0: 2-RUN HOME RUN (Flyball, 78XD, EV 110.6 MPH), Distance : 400 ft
|
Batting: RHB Leo Mair
|
0-0: Ball 1-0: Fly out, F9 (Line Drive, 9, EV 94.4 MPH)
|
Batting: RHB Rico Coss
|
0-0: Ball 1-0: Called Strike 1-1: Ground out 6-3 (Groundball, 6MD, EV 91.2 MPH)
|
Batting: LHB Fabiano Perrolas
|
0-0: Ball 1-0: Called Strike 1-1: Called Strike 1-2: Ball 2-2: Ball 3-2: Base on Balls
|
Batting: LHB Robert Watson
|
0-0: Ball 1-0: Called Strike 1-1: Ball 2-1: Foul Ball, location: 2F 2-2: Ground out 6-3 (Groundball, 6MS, EV 91.9 MPH)
|
Bottom of the 6th over - 2 runs, 2 hits, 0 errors, 1 left on base; Philadelphia 0 - Colorado 2 |
TOP OF THE 7TH |
Philadelphia Phillies batting - Pitching for Colorado Rockies : RHP Jaden Mackey
|
Pitching: RHP Mike Mik
|
|
Batting: LHB Ryan Trombley
|
0-0: Called Strike 0-1: TRIPLE (Flyball, 9LD, EV 106.9 MPH)
|
Batting: LHB Nick Canizales
|
0-0: Called Strike 0-1: SINGLE (Flyball, 9S, EV 90.0 MPH) Ryan Trombley scores
|
Batting: SHB Rafael Vazquez
|
0-0: Called Strike 0-1: Foul Ball, location: 2F 0-2: Ball 1-2: Foul Ball, location: 2F 1-2: Strikes out looking
|
Pinch Hitting: LHB Jeff Luvisi
|
0-0: Ball 1-0: Ball 2-0: Called Strike 2-1: Ball 3-1: DOUBLE (Line Drive, 7LD, EV 105.0 MPH) Nick Canizales to third
|
Batting: RHB Ji-an Li
|
0-0: Ball 1-0: Ball 2-0: Called Strike 2-1: 3-RUN HOME RUN (Flyball, 9D, EV 97.5 MPH), Distance : 365 ft
|
Pitching: RHP Victor Walshe
|
|
Batting: SHB Patrick Kimmel
|
0-0: Ball 1-0: Ball 2-0: Ball 3-0: Base on Balls
|
Batting: LHB Eric Katz
|
0-0: Ball 1-0: Swinging Strike 1-1: Called Strike 1-2: Strikes out swinging
|
Batting: LHB Alberto Figueroa
|
0-0: Swinging Strike 0-1: Ball 1-1: SINGLE (Line Drive, 8RS, EV 87.5 MPH) Patrick Kimmel to second Runner from 2nd tries for 3rd, SAFE, throw by CF made to third
|
Batting: RHB Raul de la Cruz
|
0-0: Ball 1-0: Ball 2-0: Foul Ball, location: 2F 2-1: Foul Ball, location: 2F 2-2: Strikes out swinging
|
Top of the 7th over - 4 runs, 5 hits, 0 errors, 2 left on base; Philadelphia 4 - Colorado 2 |
BOTTOM OF THE 7TH |
Colorado Rockies batting - Pitching for Philadelphia Phillies : LHP Lennart Hjelm
|
Now at SS: Luis Arce
|
|
Batting: RHB Joel Haycock
|
0-0: Ball 1-0: Ball 2-0: Ball 3-0: Called Strike 3-1: Base on Balls
|
Batting: RHB Stephen Charbonneau
|
0-0: Called Strike 0-1: Called Strike 0-2: Ball 1-2: Fly out, F7 (Flyball, 7, EV 88.8 MPH)
|
Pitching: LHP Rico Saldarriaga
|
|
Batting: SHB Chris Blue
|
0-0: Called Strike 0-1: Ball 1-1: Ball 2-1: Fly out, F9 (Flyball, 9LS, EV 75.6 MPH)
|
Batting: RHB Jason Andrews
|
0-0: Ball 1-0: Ball 2-0: Called Strike 2-1: Fielders Choice at 2nd, 6-4 (Groundball, 56, EV 107.5 MPH)
|
Bottom of the 7th over - 0 runs, 0 hits, 0 errors, 1 left on base; Philadelphia 4 - Colorado 2 |
TOP OF THE 8TH |
Philadelphia Phillies batting - Pitching for Colorado Rockies : RHP Victor Walshe
|
Pitching: RHP Gabe Baxter
|
|
Batting: LHB Ryan Trombley
|
0-0: Swinging Strike 0-1: SOLO HOME RUN (Flyball, 89XD, EV 106.2 MPH), Distance : 407 ft
|
Batting: LHB Nick Canizales
|
0-0: Ball 1-0: Ball 2-0: Fly out, F3 (Line Drive, 3, EV 66.2 MPH)
|
Batting: SHB Rafael Vazquez
|
0-0: DOUBLE (Line Drive, 9LS, EV 100.6 MPH)
|
Batting: RHB Luis Arce
|
0-0: Ground out 3-1 (Groundball, 34, EV 90.0 MPH) Rafael Vazquez to third
|
Batting: RHB Ji-an Li
|
0-0: Called Strike 0-1: Ball 1-1: Called Strike 1-2: Ball 2-2: Foul Ball, location: 2F 2-2: SINGLE (Groundball, 34D, EV 96.2 MPH) Rafael Vazquez scores
|
Batting: SHB Patrick Kimmel
|
0-0: Ball 1-0: Ball 2-0: Called Strike 2-1: Ball 3-1: Called Strike 3-2: Base on Balls Ji-an Li to second
|
Batting: LHB Eric Katz
|
0-0: Ball 1-0: Ball 2-0: Fly out, F7 (Flyball, 78M, EV 91.2 MPH)
|
Top of the 8th over - 2 runs, 3 hits, 0 errors, 2 left on base; Philadelphia 6 - Colorado 2 |
BOTTOM OF THE 8TH |
Colorado Rockies batting - Pitching for Philadelphia Phillies : LHP Rico Saldarriaga
|
Batting: RHB Chad Thompson
|
0-0: Foul Ball, location: 2F 0-1: Ball 1-1: Fly out, F8 (Flyball, 8LD, EV 94.4 MPH)
|
Batting: RHB Leo Mair
|
0-0: Ball 1-0: Ground out 4-3 (Groundball, 4, EV 78.1 MPH)
|
Batting: RHB Rico Coss
|
0-0: Ball 1-0: Ball 2-0: Called Strike 2-1: Fly out, F8 (Flyball, 8RD, EV 98.1 MPH)
|
Bottom of the 8th over - 0 runs, 0 hits, 0 errors, 0 left on base; Philadelphia 6 - Colorado 2 |
TOP OF THE 9TH |
Philadelphia Phillies batting - Pitching for Colorado Rockies : RHP Gabe Baxter
|
Pitching: LHP Ryan Fulford
|
|
Batting: LHB Alberto Figueroa
|
0-0: Swinging Strike 0-1: SINGLE (Line Drive, 56D, EV 94.4 MPH)
|
Batting: RHB Raul de la Cruz
|
0-0: Ball Alberto Figueroa steals 2nd base 1-0: Foul Ball, location: 2F 1-1: Called Strike 1-2: SINGLE (Groundball, 5S, EV 68.8 MPH) (infield hit) Alberto Figueroa to third
|
Batting: LHB Ryan Trombley
|
0-0: Called Strike 0-1: Foul Ball, location: 2F 0-2: Ball 1-2: Ball Pickoff Throw to First - Out! 1-3 2-2: DOUBLE (Groundball, 3L, EV 96.9 MPH) Alberto Figueroa scores
|
Batting: LHB Nick Canizales
|
0-0: Ball 1-0: Fly out, F9 (Flyball, 9LM, EV 100.0 MPH)
|
Batting: SHB Rafael Vazquez
|
0-0: Called Strike 0-1: Ball 1-1: Called Strike 1-2: Strikes out looking
|
Top of the 9th over - 1 run, 3 hits, 0 errors, 1 left on base; Philadelphia 7 - Colorado 2 |
BOTTOM OF THE 9TH |
Colorado Rockies batting - Pitching for Philadelphia Phillies : LHP Rico Saldarriaga
|
Batting: LHB Fabiano Perrolas
|
0-0: Foul Ball, location: 2F 0-1: Foul Ball, location: 2F 0-2: Foul Ball, location: 2F 0-2: Ground out U3 (Groundball, 34, EV 108.8 MPH)
|
Batting: LHB Robert Watson
|
0-0: Called Strike 0-1: Ball 1-1: Foul Ball, location: 2F 1-2: Strikes out swinging
|
Batting: RHB Joel Haycock
|
0-0: Ball 1-0: Foul Ball, location: 2F 1-1: Ball 2-1: Ground out 5-3 (Groundball, 5, EV 103.1 MPH)
|
Bottom of the 9th over - 0 runs, 0 hits, 0 errors, 0 left on base; Philadelphia 7 - Colorado 2 |
|